AoeStats
← NPG | FishCL

Oasis

508154560Analyzed
4v4 RM · 10d ago on Sep 21, 2026· 43m 19s· 8 players
Game mode
Random Map
Map size
Large (8 player)
Population
200
Speed
Normal
Resources
Standard
Victory
Conquest
Starting age
Dark Age
Ending age
Imperial Age
RankedLock teamsTeams togetherTeam positionsShared explorationLock speedFull tech treeHidden civsTurbo modeCheats
Victory
Defeat
🇨🇴 Britons · Colombia
1563
+12
🇨🇱 Ethiopians · Chile
1546
+13
🇭🇰 Mongols · Hong Kong SAR China
1501
+14
🇨🇱 Hindustanis · Chile
1500
+14
🇻🇳 Koreans · Vietnam
1528
-15
🇦🇺 Mongols · Australia
1466
-13
🇲🇽 Khmer · Mexico
1450
-13
🇻🇳 Muisca · Vietnam
1435
-12
mbxmm
9:00 Feudal Age
9:30 Double-Bit Axe
9:32 Horse Collar
10:06 Loom
15:38 Forging
16:16 Scale Barding Armor
20:38 Castle Age
18:41 Gold Mining
19:45 Bloodlines
21:51 Bow Saw
21:59 Husbandry
22:51 Heavy Plow
24:11 Chain Barding Armor
30:14 Wheelbarrow
30:27 Iron Casting
32:48 Hand Cart
33:10 Gold Shaft Mining
32:26 Stone Mining
36:28 Imperial Age
35:25 Stone Shaft Mining
35:37 Fletching
35:47 Padded Archer Armor
36:41 Ballistics
36:17 Bodkin Arrow
37:17 Leather Archer Armor
38:20 Bracer
39:32 Chemistry
39:17 Parthian Tactics
39:38 Conscription
38:39 Elite Mangudai
39:41 Thumb Ring
41:23 Blast Furnace
BrøweN
7:13 Loom
9:10 Feudal Age
9:57 Double-Bit Axe
11:07 Horse Collar
20:18 Castle Age
18:31 Forging
19:31 Scale Barding Armor
20:12 Bloodlines
22:39 Bow Saw
25:58 Chain Barding Armor
28:30 Wheelbarrow
32:44 Gold Mining
33:20 Husbandry
36:35 Imperial Age
35:54 Iron Casting
36:41 Heavy Camel Rider
38:00 Plate Barding Armor
38:38 Heavy Plow
39:47 Blast Furnace
39:55 Gold Shaft Mining
39:57 Hand Cart
40:43 Imperial Camel Rider
44:14 Conscription
NPG | FishCL
7:27 Loom
9:42 Feudal Age
10:55 Double-Bit Axe
14:21 Fletching
15:36 Horse Collar
23:06 Castle Age
23:11 Gold Mining
23:31 Padded Archer Armor
23:45 Bodkin Arrow
24:12 Bow Saw
24:59 Elite Skirmisher
25:56 Leather Archer Armor
27:37 Ballistics
34:04 Wheelbarrow
41:19 Imperial Age
39:06 Crossbowman
39:52 Thumb Ring
40:00 Heavy Plow
42:12 Bracer
43:17 Chemistry
42:52 Stone Mining
NuMa | OliverAtom
6:54 Loom
9:38 Feudal Age
10:16 Double-Bit Axe
12:17 Horse Collar
13:40 Fletching
18:25 Padded Archer Armor
19:13 Wheelbarrow
23:43 Castle Age
22:07 Gold Mining
23:09 Town Watch
23:45 Crossbowman
24:21 Bodkin Arrow
24:43 Heavy Plow
25:22 Bow Saw
25:46 Ballistics
26:14 Leather Archer Armor
36:39 Yeomen
41:07 Imperial Age
40:14 Hand Cart
41:10 Arbalester
42:03 Bracer
43:53 Chemistry
Walmart
6:24 Loom
9:41 Feudal Age
11:15 Double-Bit Axe
14:51 Scale Barding Armor
15:53 Forging
19:03 Horse Collar
20:00 Wheelbarrow
19:47 Bloodlines
25:57 Castle Age
25:53 Gold Mining
27:00 Chain Barding Armor
26:16 Light Cavalry
27:52 Husbandry
29:06 Iron Casting
32:37 Heavy Plow
44:40 Imperial Age
NØRTHLANE
6:15 Loom
8:47 Feudal Age
9:26 Double-Bit Axe
19:08 Castle Age
17:24 Horse Collar
18:41 Fletching
20:18 Bodkin Arrow
21:40 Padded Archer Armor
24:34 Bow Saw
26:35 Scale Barding Armor
27:32 Ballistics
27:59 Gold Mining
28:39 Husbandry
29:34 Bloodlines
29:24 Town Watch
30:18 Wheelbarrow
30:36 Heavy Plow
30:52 Leather Archer Armor
31:28 Thumb Ring
33:35 Stone Mining
36:37 Hand Cart
36:55 Chain Barding Armor
41:42 Imperial Age
39:35 Masonry
43:01 Parthian Tactics
43:48 Chemistry
42:49 Bracer
bina
9:33 Feudal Age
9:27 Loom
9:43 Champi Runner
11:16 Double-Bit Axe
15:43 Fletching
16:33 Padded Archer Armor
22:50 Castle Age
21:19 Gold Mining
21:11 Horse Collar
22:53 Crossbowman
23:30 Bodkin Arrow
24:07 Bow Saw
27:55 Wheelbarrow
29:29 Leather Archer Armor
29:49 Thumb Ring
31:39 Stone Mining
31:51 Heavy Plow
31:45 Elite Skirmisher
33:59 Ballistics
37:16 Imperial Age
34:14 Elite Skirmisher
37:33 Masonry
37:22 Arbalester
37:54 Treadmill Crane
39:21 Conscription
39:35 Bracer
41:26 Chemistry
41:08 Treadmill Crane
6:06 Loom
11:00 Feudal Age
11:41 Double-Bit Axe
19:40 Castle Age
19:12 Fletching
24:23 Horse Collar
29:07 Bow Saw
29:07 Squires
30:19 Gold Mining
30:52 Scale Mail Armor
32:28 Gambesons
34:11 Chain Mail Armor
36:33 Wheelbarrow
36:38 Forging
38:49 Iron Casting
39:27 Arson
44:45 Imperial Age
43:14 Gold Shaft Mining
Connection lost

Rejoining the realm…

Still unreachable

The connection could not be restored.

Session expired

The server has moved on; the page needs a fresh start.